 Dungeon Crawl Stone Soup version 0.21-a0-638-g11b2e07010 (webtiles) character file.

10798 NixNut the Cleaver (level 11, -5/97 HPs)
             Began as a Minotaur Fighter on Dec 30, 2017.
             Was a High Priest of Okawaru.
             Slain by an eight-headed hydra (7 damage)
             ... on level 11 of the Dungeon.
             The game lasted 01:01:35 (11811 turns).

NixNut the Cleaver (Minotaur Fighter)              Turns: 11811, Time: 01:01:36

Health: -5/97      AC: 11    Str: 28    XL:     11   Next: 40%
Magic:  9/13       EV: 16    Int:  5    God:    Okawaru [*****.]
Gold:   599        SH:  0    Dex: 11    Spells: 8/10 levels left

rFire    . . .     SeeInvis .   b - +8 frozen axe "Frostbite" {freezing cloud, *Noise +Fly rC+}
rCold    + . .     Gourm    +   (shield currently unavailable)
rNeg     . . .     Faith    .   t - +1 leather armour {rPois}
rPois    +         Spirit   .   (helmet restricted)
rElec    .         Reflect  .   D - +2 cloak {MR+}
rCorr    +         Harm     .   U - +0 pair of gloves
MR       +....                  (no boots)
Stlth    ++........             v - amulet of the gourmand
HPRegen  0.26/turn              o - +5 ring of strength
MPRegen  0.13/turn              F - ring of resist corrosion

@: heroism, very slightly contaminated
A: retaliatory headbutt, horns 2
a: Heroism, Finesse, Renounce Religion, Evoke Flight


You were on level 11 of the Dungeon.
You worshipped Okawaru.
Okawaru was extremely pleased with you.
You were completely stuffed.

You visited 2 branches of the dungeon, and saw 12 of its levels.

You collected 599 gold pieces.

Inventory:

Hand Weapons
 b - the +8 frozen axe "Frostbite" (weapon) {freezing cloud, *Noise +Fly rC+}
   (You found it on level 6 of the Dungeon)

   It has been specially enchanted to freeze those struck by it, causing extra
   injury to most foes and up to half again as much damage against particularly
   susceptible opponents.
   It can also slow down cold-blooded creatures.
   It protects you from cold.
   It lets you fly.
   It may make noises in combat.
 i - a +1 quarterstaff of protection
 M - a +0 battleaxe
Missiles
 B - 3 needles of confusion
 T - 4 needles of sleeping
Armour
 c - a +0 shield
 t - a +1 leather armour of poison resistance (worn)
 D - a +2 cloak of magic resistance (worn)
 U - a +0 pair of gloves (worn)
Jewellery
 a - an uncursed amulet of guardian spirit
 e - a +4 ring of dexterity
 o - a +5 ring of strength (left hand)
 v - an amulet of the gourmand (around neck)
 E - an uncursed amulet of faith
 F - a ring of resist corrosion (right hand)
 G - an uncursed ring of protection from cold
 H - an uncursed ring of see invisible
 S - a +2 ring of strength
 V - an uncursed ring of protection from cold
Wands
 j - a wand of polymorph (46)
 A - a wand of acid (10)
 L - a wand of paralysis (12)
Scrolls
 g - 2 scrolls of enchant weapon {unknown}
 h - 3 scrolls of remove curse
 k - 4 scrolls of enchant armour {unknown}
 m - 3 scrolls of identify
 p - 5 scrolls of fog {unknown}
 q - 3 scrolls of teleportation {unknown}
 w - 4 scrolls of random uselessness {unknown}
 y - 2 scrolls of blinking {unknown}
 C - 3 scrolls of fear {unknown}
 I - 4 scrolls of amnesia {unknown}
 O - 2 scrolls of noise {unknown}
 R - 2 scrolls of magic mapping {unknown}
Potions
 d - a potion of brilliance {unknown}
 l - 2 potions of flight {unknown}
 n - 2 potions of haste {unknown}
 r - 3 potions of lignification {unknown}
 u - a potion of mutation {unknown}
 z - a potion of resistance {unknown}
 N - a potion of cancellation {unknown}
 P - 4 potions of curing
 Q - 2 potions of agility {unknown}
Books
 J - a book of Minor Magic

   Spells                             Type                      Level
   a - Magic Dart                     Conjuration                  1
   b - Blink                          Translocation                2
   c - Call Imp                       Summoning                    2
   d - Slow                           Hexes                        2
   e - Conjure Flame                  Conjuration/Fire             3
   f - Mephitic Cloud                 Conjuration/Poison/Air       3
 K - a book of Conjurations

   Spells                             Type                      Level
   a - Magic Dart                     Conjuration                  1
   b - Searing Ray                    Conjuration                  2
   c - Dazzling Spray                 Conjuration/Hexes            3
   d - Fulminant Prism                Conjuration/Hexes            4
   e - Force Lance                    Conjuration/Translocation    4
   f - Iskenderun's Mystic Blast      Conjuration                  4
Comestibles
 f - 19 rations
 s - 5 chunks of flesh


   Skills:
 + Level 9.1(14.1) Fighting
 * Level 14.4(19.4) Axes
 - Level 2.7(7.7) Throwing
 + Level 8.9(13.9) Armour
 + Level 4.4(9.4) Dodging
 - Level 3.7(8.7) Shields
 - Level 4.1 Translocations
 - Level 4.3 Invocations


You had 8 spell levels left.
You knew the following spells:

 Your Spells              Type           Power        Failure   Level  Hunger
a - Blink                 Tloc           N/A          16%         2    ###....


Dungeon Overview and Level Annotations

Branches:
Dungeon (11/15)            Temple (1/1) D:4            Lair (0/6) D:9
    Orc: D:9-12

Altars:
Ashenzari
Cheibriados
Dithmenos
Elyvilon
Fedhas
Gozag
Hepliaklqana
Kikubaaqudgha
Makhleb
Nemelex Xobeh
Okawaru
Qazlal
Ru
Sif Muna
Trog
Uskayaw
Vehumet
Wu Jian
Xom
Yredelemnul
Zin
The Shining One

Shops:
D:5 [   D:6 ?   D:7 [   D:9 =


Innate Abilities, Weirdness & Mutations

You reflexively headbutt those who attack you in melee.
You have a pair of horns on your head.


Message History

You don't know that spell.
Okay, then.
Casting: Blink
Confirm with . or Enter, or press ? or * to list all spells.
You miscast Blink.
You are very lightly contaminated with residual magic.
Strange energies run through your body.
The eight-headed hydra barely misses you.
You furiously retaliate!
You headbutt the eight-headed hydra!!
The eight-headed hydra completely misses you.
The eight-headed hydra bites you but does no damage.
The eight-headed hydra bites you!
* * * LOW HITPOINT WARNING * * *
The eight-headed hydra bites you!
* * * LOW HITPOINT WARNING * * *
The eight-headed hydra barely misses you.
The eight-headed hydra bites you.
* * * LOW HITPOINT WARNING * * *
The eight-headed hydra bites you!
You die...

.......(( ..............
......... ..............
......... ........######
........# #######.#
........# #.# ..(.....# #.#
.(......# #.#
........############.######
.........D@................
###########################


You could see an eight-headed hydra.

Vanquished Creatures
  A hydra (D:11)
  A two-headed ogre (D:11)
  An unseen horror (D:10)
  Pikel (D:4)
  An ugly thing (D:8)
  Maurice (D:8)
  A troll (D:8)
  2 hippogriffs (D:8)
  A hornet (D:8)
  A wraith (D:8)
  Sigmund (D:3)
  9 yaks
  A wyvern (D:11)
  Eustachio (D:4)
  Grum (D:8)
  Menkaure (D:4)
  Duvessa (D:4)
  2 orc warriors
  4 sky beasts
  An ice beast (D:8)
  2 black bears
  3 wolves (D:8)
  7 ogres
  2 centaurs (D:8)
  A big kobold (D:9)
  2 crocodiles
  9 bullfrogs
  A water moccasin zombie (D:6)
  Dowan (D:4)
  A scorpion (D:8)
  4 killer bees
  7 wights
  A howler monkey (D:8)
  A bullfrog zombie (D:11)
  3 crimson imps
  A quasit (D:10)
  2 bullfrog skeletons
  5 hounds
  5 orc priests
  Crazy Yiuf (D:7)
  6 jellies
  Jessica (D:2)
  Terence (D:2)
  7 iguanas
  6 orc wizards
  5 worker ants
  Ijyb (D:3)
  A hound skeleton (D:8)
  A hound zombie (D:9)
  A howler monkey zombie (D:10)
  A worker ant zombie (D:8)
  Robin (D:2)
  8 adders
  2 shadow imps
  5 oozes (D:10)
  An adder skeleton (D:6)
  An adder zombie (D:9)
  2 worms (D:2)
  2 dart slugs (D:2)
  5 leopard geckos
  23 orcs
  13 giant cockroaches
  14 goblins
  16 hobgoblins
  2 jackals (D:6)
  11 kobolds
  3 quokkas
  A ball python zombie (D:5)
  6 bats
  6 frilled lizards
  A giant cockroach zombie (D:5)
  A jackal skeleton (D:8)
  A leopard gecko skeleton (D:6)
  A leopard gecko zombie (D:6)
  A quokka skeleton (D:4)
  5 rats
255 creatures vanquished.

Notes
Turn   | Place    | Note
-------+----------+-------------------------------------------
     0 | D:1      | NixNut the Minotaur Fighter began the quest for the Orb.
     0 | D:1      | Reached XP level 1. HP: 19/19 MP: 0/0
   158 | D:1      | Reached XP level 2. HP: 25/27 MP: 1/1
   168 | D:1      | Reached skill level 3 in Axes
   491 | D:1      | Reached skill level 1 in Dodging
   491 | D:1      | Reached XP level 3. HP: 33/33 MP: 2/2
  1412 | D:2      | Noticed Terence
  1757 | D:2      | Reached XP level 4. HP: 36/40 MP: 3/3
  1807 | D:2      | Noticed Robin
  1818 | D:2      | Killed Robin
  1818 | D:2      | Reached skill level 4 in Axes
  1830 | D:2      | HP: 2/41 [poisoned by Robin]
  2165 | D:2      | Noticed Jessica
  2169 | D:2      | Killed Jessica
  2317 | D:2      | Reached XP level 5. HP: 47/47 MP: 4/4
  2439 | D:2      | Killed Terence
  2699 | D:3      | Noticed Sigmund
  2810 | D:4      | Noticed Menkaure
  2818 | D:4      | Killed Menkaure
  2818 | D:4      | Reached skill level 5 in Axes
  2818 | D:4      | Reached XP level 6. HP: 23/55 MP: 5/5
  3063 | D:4      | Noticed Duvessa
  3063 | D:4      | Noticed Dowan
  3065 | D:4      | Killed Duvessa
  3065 | D:4      | Reached skill level 5 in Fighting
  3065 | D:4      | Reached skill level 5 in Armour
  3066 | D:4      | Found a staircase to the Ecumenical Temple.
  3071 | D:4      | Killed Dowan
  3109 | D:4      | Reached skill level 6 in Axes
  3134 | Temple   | Entered the Ecumenical Temple
  3299 | Temple   | Became a worshipper of Warmaster Okawaru
  3408 | D:4      | Noticed a slave
  3409 | D:4      | Noticed a slave
  3409 | D:4      | Noticed a slave
  3410 | D:4      | Noticed Pikel
  3412 | D:4      | Noticed a slave
  3430 | D:4      | Killed Pikel
  3430 | D:4      | Reached * piety under Okawaru
  3430 | D:4      | Reached skill level 7 in Axes
  3430 | D:4      | Reached XP level 7. HP: 41/63 MP: 6/6
  3743 | D:4      | Noticed Eustachio
  3755 | D:4      | Killed Eustachio
  3755 | D:4      | Reached ** piety under Okawaru
  3755 | D:4      | Reached XP level 8. HP: 63/70 MP: 7/7
  4008 | D:3      | Found an ancient bone altar of Kikubaaqudgha.
  4205 | D:3      | Killed Sigmund
  4283 | D:3      | Reached skill level 1 in Invocations
  4331 | D:3      | Found a blossoming altar of Fedhas.
  4390 | D:3      | Noticed Ijyb
  4406 | D:3      | Killed Ijyb
  4881 | D:5      | Entered Level 5 of the Dungeon
  4989 | D:5      | Found Ohosouko's Armour Shop.
  5076 | D:5      | Reached skill level 8 in Axes
  5201 | D:5      | Reached skill level 1 in Throwing
  6119 | D:6      | Found a sparkling altar of Nemelex Xobeh.
  6183 | D:6      | Found Exoeleen's Magic Scroll Shop.
  6212 | D:6      | Found a hide-covered altar of Uskayaw.
  6221 | D:6      | Reached skill level 9 in Axes
  6639 | D:6      | Found the +8 frozen axe "Frostbite" {freezing cloud, *Noise +Fly rC+}
  6651 | D:6      | Reached XP level 9. HP: 79/79 MP: 8/8
  6997 | D:7      | Found Mostregrez's Armour Boutique.
  7517 | D:7      | Found a runed door.
  7729 | D:7      | Noticed Crazy Yiuf
  7732 | D:7      | Killed Crazy Yiuf
  7868 | D:8      | Reached *** piety under Okawaru
  7868 | D:8      | Reached skill level 10 in Axes
  7907 | D:8      | Learned a level 2 spell: Blink
  7924 | D:8      | Noticed Maurice
  7928 | D:8      | Killed Maurice
  7983 | D:8      | Noticed a cyan ugly thing
  7994 | D:8      | Killed a cyan ugly thing
  7996 | D:8      | Received a gift from Okawaru
  7996 | D:8      | Reached skill level 11 in Axes
  8088 | D:8      | Reached XP level 10. HP: 54/90 MP: 11/11
  8244 | D:8      | Found a sacrificial altar of Ru.
  8313 | D:8      | Reached **** piety under Okawaru
  8704 | D:8      | Noticed Grum
  8712 | D:8      | Reached skill level 1 in Translocations
  8719 | D:8      | Killed Grum
  8719 | D:8      | Reached skill level 12 in Axes
  9790 | D:9      | Found a staircase to the Lair.
 10064 | D:9      | Found Lazesi's Jewellery Emporium.
 10448 | D:10     | Entered Level 10 of the Dungeon
 10848 | D:10     | Reached ***** piety under Okawaru
 10903 | D:10     | Reached skill level 13 in Axes
 10930 | D:10     | Received a gift from Okawaru
 10943 | D:10     | Killed an unseen horror
 10943 | D:10     | Reached XP level 11. HP: 30/97 MP: 13/13
 11584 | D:11     | Received a gift from Okawaru
 11643 | D:11     | Noticed a seven-headed hydra
 11647 | D:11     | Killed a seven-headed hydra
 11647 | D:11     | Reached skill level 14 in Axes
 11731 | D:11     | Noticed a two-headed ogre
 11741 | D:11     | Killed a two-headed ogre
 11797 | D:11     | Received a gift from Okawaru
 11799 | D:11     | Noticed a seven-headed hydra
 11811 | D:11     | HP: 2/97 [eight-headed hydra (5)]
 11811 | D:11     | Slain by an eight-headed hydra

Vault maps used:
D:1:      dpeg_arrival_round_c, palyth_stone_intersect, minmay_tetromino_o2
D:2:      uniq_terence, uniq_robin, uniq_jessica
D:3:      overflow_temple_1_default, first_ration, fedhas_altar_1, uniq_ijyb,
          uniq_sigmund
D:4:      minmay_temple_entry_glassed_door, uniq_pikel, uniq_menkaure,
          uniq_duvessa, uniq_eustachio
D:5:      serial_shops, shop, hangedman_decor_riveting
D:6:      kennysheep_mini, lemuel_doored_altar, serial_shops, shop,
          serial_bayou_crossing
D:7:      serial_shops, shop_fountains, uniq_crazy_yiuf_cottage
D:8:      minmay_the_grid_four_pointed_star, lemuel_crystal_altar, uniq_grum,
          uniq_maurice
D:9:      lair_entry_dummy, serial_shops, shop
D:10:     hangedman_little_slice_of_home
D:11:     erik_orc_1, roderic_lattice_a, small_chamber_with_monster
Temple:   dpeg_five_rooms_temple

Skill      XL: |  1  2  3  4  5  6  7  8  9 10 11 |
---------------+----------------------------------+-----
Axes           | 3 4 5 7 9 11 13 14 | 14.4
Fighting       | 4 6 7 8 9 |  9.1
Dodging        | 1 2 4 |  4.4
Armour         | 4 6 7 8 |  8.9
Invocations    | 1 3 4 |  4.3
Throwing       | 2 |  2.7
Translocations | 3 4 |  4.1
Shields        | |  3.7

Action                   |  1- 3 |  4- 6 |  7- 9 | 10-12 || total
-------------------------+-------+-------+-------+-------++-------
Melee: War axe           |    81 |    91 |    99 |       ||   271
       Headbutt          |    13 |    15 |    25 |    17 ||    70
       Executioner's axe |       |       |    53 |   118 ||   171
Throw: Tomahawk          |       |       |    30 |    88 ||   118
       Javelin           |       |       |    46 |    44 ||    90
Invok: Heroism           |       |       |     4 |     3 ||     7
 Abil: Evoke Berserk Rag |       |     1 |       |       ||     1
  Use: Potion            |       |     4 |     2 |     2 ||     8
       Scroll            |       |     2 |    10 |     3 ||    15
 Stab: Sleeping          |       |       |       |     1 ||     1
  Eat: Ration            |     1 |     1 |       |       ||     2
       Chunk             |       |     4 |    23 |    12 ||    39
Armor: Scale mail        |    34 |    18 |       |       ||    52
       Chain mail        |       |    32 |    26 |       ||    58
       Leather armour    |       |       |    35 |    40 ||    75
Dodge: Dodged            |    40 |    45 |   104 |    91 ||   280
Block: Shield            |     1 |       |       |       ||     1

Table legend:
 A = Spawn XP
 B = Non-spawn XP
 C = Spawn XP percentage of total XP
 D = Spawn monster count
 E = Non-spawn monster count
 F = Spawn count percentage of total count
 G = Total turns spent on level
                    A         B        C        D         E        F      G
               +---------+---------+-------+---------+---------+-------+---------
         Total |       0 |   15426 |   0.0 |       0 |     255 |   0.0 | 11811
               +---------+---------+-------+---------+---------+-------+---------
           D:1 |       0 |      58 |   0.0 |       0 |      27 |   0.0 |  1432
           D:2 |       0 |     179 |   0.0 |       0 |      36 |   0.0 |  1203
           D:3 |       0 |     257 |   0.0 |       0 |      11 |   0.0 |   953
           D:4 |       0 |    1295 |   0.0 |       0 |      17 |   0.0 |  1048
           D:5 |       0 |     306 |   0.0 |       0 |      13 |   0.0 |  1008
           D:6 |       0 |     878 |   0.0 |       0 |      27 |   0.0 |   885
           D:7 |       0 |     602 |   0.0 |       0 |      12 |   0.0 |  1002
           D:8 |       0 |    4748 |   0.0 |       0 |      45 |   0.0 |  1902
           D:9 |       0 |     576 |   0.0 |       0 |      16 |   0.0 |   792
          D:10 |       0 |    2649 |   0.0 |       0 |      31 |   0.0 |  1037
          D:11 |       0 |    3878 |   0.0 |       0 |      20 |   0.0 |   304
               +---------+---------+-------+---------+---------+-------+---------
